 Dungeon Crawl Stone Soup version 0.30-a0-778-g2ef04afb54 (webtiles) character file.

Game seed: 13837518683989064684

1524 funkygono the Firebug (level 8, -1/42 HPs)
             Began as a Gargoyle Fire Elementalist on Feb 15, 2023.
             Slain by an orc warrior
             ... wielding a +0 war axe
              (3 damage)
             ... on level 7 of the Dungeon.
             The game lasted 00:09:37 (6576 turns).

funkygono the Firebug (Gargoyle Fire Elementalist)  Turns: 6576, Time: 00:09:38

Health: -1/42      AC: 15    Str: 11    XL:     8   Next: 84%
Magic:  2/17       EV: 12    Int: 19    God:
Gold:   288        SH:  0    Dex: 10    Spells: 10/20 levels left

rFire   . . .      SeeInvis .    j - +1 whip
rCold   + . .      Faith    .    (no shield)
rNeg    + . .      Spirit   .    a - +0 robe
rPois   ∞          Reflect  .    k - +1 helmet
rElec   +          Harm     .    (no cloak)
rCorr   .          Rampage  .    l - +1 pair of gloves
Will    .....                    (no boots)
Stlth   ++                       (no amulet)
HPRegen 0.27/turn                m - +4 ring of protection
MPRegen 0.15/turn                i - ring of protection from cold

@: no status effects
A: sickness immunity, AC +5, negative energy resistance 1, electricity
resistance, torment resistance 1, petrification resistance
a: no special abilities


You were on level 7 of the Dungeon.
You visited 1 branch of the dungeon, and saw 8 of its levels.

You collected 288 gold pieces.

Inventory:

Hand Weapons
 e - a +0 club
 j - a +1 whip (weapon)
Armour
 a - a +0 robe (worn)
 g - a +2 ring mail of cold resistance
 k - a +1 helmet (worn)
 l - a +1 pair of gloves (worn)
Jewellery
 i - a ring of protection from cold (right hand)
 m - a +4 ring of protection (left hand)
 q - a ring of ice
Wands
 p - a wand of paralysis (14)
Scrolls
 c - a scroll of enchant weapon
 h - a scroll of teleportation
 u - a scroll of amnesia {unknown}
Potions
 b - a potion of magic
 d - 3 potions of heal wounds
 f - a potion of flight
 n - a potion of ambrosia {unknown}
 o - a potion of attraction {unknown}
 r - a potion of lignification {unknown}
 s - 2 potions of mutation {unknown}


   Skills:
 + Level 0.7 Fighting
 + Level 1.1 Maces & Flails
 + Level 2.3 Dodging
 - Level 2.1 Stealth
 + Level 6.6 Spellcasting
 + Level 5.0 Conjurations
 + Level 6.9 Fire Magic


You had 10 spell levels left.
You knew the following spells:

 Your Spells              Type           Power      Damage    Failure   Level
a - Foxfire               Conj/Fire      100%       2x1d9     1%          1
b - Scorch                Fire           64%        2d8       1%          2
c - Kindle Blastsparks    Fire/Tloc/Air  30%        2d12      12%         3
d - Flame Wave            Conj/Fire      28%        2d9       9%          4

Your spell library contained the following spells:

 Spells                   Type           Power      Damage    Failure   Level
 Inner Flame              Hex/Fire       19%        N/A       8%          3
 Blink                    Tloc           12%        N/A       16%         2
 Manifold Assault         Tloc           6%         N/A       71%         4
 Storm Form               Tmut/Air       3%         N/A       100%        7


Dungeon Overview and Level Annotations

Branches:
Dungeon (8/15)
 Temple: D:4-7         Lair: D:8-11

Altars:
Ashenzari
Cheibriados
Fedhas
Gozag
Okawaru
Qazlal
Sif Muna
Zin
The Shining One

Shops:
D:1 ([=!


Innate Abilities, Weirdness & Mutations

You are immune to sickness and miasma.
Your stone body is resilient. (AC +5)
You are immune to poison.
You resist negative energy. (rN+)
You are resistant to electric shocks. (rElec)
You are resistant to unholy torment.
You are immune to petrification.


Message History

You conjure some foxfire!
Casting: Foxfire (safe; 1% risk of failure)
Confirm with . or Enter, or press ? or * to list all spells.
You conjure some foxfire!
The foxfire hits the troll.
The troll is moderately wounded.
The foxfire hits the troll.
The troll is moderately wounded.
The foxfire hits the troll.
The troll is moderately wounded.
Something hits you but does no damage.
Deactivating autopickup; reactivate with Ctrl-A.
The troll barely misses you. The troll closely misses you.
The troll barely misses you.
Casting: Foxfire (safe; 1% risk of failure)
Confirm with . or Enter, or press ? or * to list all spells.
You conjure some foxfire!
Something hits you but does no damage.
The foxfire hits the orc warrior but does no damage.
The troll closely misses you. The troll claws you but does no damage.
The troll claws you.
Casting: Foxfire (safe; 1% risk of failure)
Confirm with . or Enter, or press ? or * to list all spells.
You don't know that spell.
Sorry, you're not good enough to have a special ability.
Casting: Foxfire (safe; 1% risk of failure)
Confirm with . or Enter, or press ? or * to list all spells.
You conjure some foxfire!
The foxfire hits the troll!
The troll is heavily wounded.
The foxfire hits the troll.
The troll is severely wounded.
An orc wizard comes into view. It is wielding a +0 dagger.
Something hits you but does no damage. The troll bites you!
The troll claws you!
* * * LOW HITPOINT WARNING * * *
The troll claws you.
* * * LOW HITPOINT WARNING * * *
Casting: Foxfire (safe; 1% risk of failure)
Confirm with . or Enter, or press ? or * to list all spells.
You conjure some foxfire!
Something hits you but does no damage.
The orc warrior hits you with a +0 war axe.
You die...

#....# . #.#..#
#.
...#.)######.#
...###..[.....#
##.###.######...
#.....#
###..#..#
......vv#
.#....#v@#
#.#.##oT{......
# #. #..#....$.
. ........#. .
..... ~....
.##.......$. .#
#.#.. .... .. #.
##o..##


You could see a troll (ally target), an orc warrior (ally target) and an orc
wizard.

Vanquished Creatures
  Sigmund (D:3)
  A wyvern (D:8)
  2 ice beasts
  An orc warrior (D:7)
  An ogre (D:6)
  A centaur (D:6)
  3 necrophages (D:5)
  A howler monkey (D:4)
  2 hounds
  2 jellies (D:5)
  A gnoll bouda (D:4)
  3 orc priests
  An iguana (D:4)
  3 orc wizards
  4 gnolls (D:4)
  5 adders
  2 shadow imps (D:8)
  2 worms
  4 dart slugs
  18 orcs
  5 bats
  4 endoplasms
  5 giant cockroaches
  5 hobgoblins
  3 jackals (D:5)
  3 quokkas
  6 ball pythons
  3 frilled lizards
  11 goblins
  12 kobolds
  6 rats
121 creatures vanquished.

Vanquished Creatures (collateral kills)
  A foxfire (D:7)
1 creature vanquished.

Vanquished Creatures (others)
  452 foxfires
452 creatures vanquished.

Grand Total: 574 creatures vanquished

Notes
Turn   | Place    | Note
-------+----------+-------------------------------------------
     0 | D:1      | funkygono the Gargoyle Fire Elementalist began the quest
                  | for the Orb.
     0 | D:1      | Reached XP level 1. HP: 10/10 MP: 3/3
   158 | D:1      | Found Tyny's Distillery.
   166 | D:1      | Reached XP level 2. HP: 15/15 MP: 0/5
   433 | D:1      | Found Amidghua's Antique Weapon Shoppe.
   435 | D:1      | Found Ilojopt's Armour Shop.
   529 | D:1      | Found Faeh's Jewellery Boutique.
   534 | D:1      | Reached XP level 3. HP: 19/19 MP: 0/6
  1174 | D:2      | Reached XP level 4. HP: 24/24 MP: 3/7
  1564 | D:2      | Learned a level 2 spell: Scorch
  1568 | D:2      | Learned a level 3 spell: Kindle Blastsparks
  1932 | D:3      | Noticed Sigmund
  1941 | D:3      | Killed Sigmund
  1942 | D:3      | Reached XP level 5. HP: 28/28 MP: 1/10
  1942 | D:3      | Reached XP level 6. HP: 33/33 MP: 1/11
  1947 | D:3      | Learned a level 4 spell: Flame Wave
  2601 | D:3      | Found a faded altar of an unknown god.
  3021 | D:3      | Found a glowing silver altar of Zin.
  3021 | D:3      | Noticed an angel
  3074 | D:4      | Found a stormy altar of Qazlal.
  3514 | D:4      | Found an iron altar of Okawaru.
  3602 | D:4      | Reached skill level 5 in Fire Magic
  4081 | D:4      | Found an opulent altar of Gozag.
  4092 | D:4      | Reached XP level 7. HP: 37/37 MP: 9/13
  4264 | D:4      | Found a snail-covered altar of Cheibriados.
  4580 | D:5      | Entered Level 5 of the Dungeon
  5078 | D:5      | Reached skill level 5 in Spellcasting
  5670 | D:6      | Reached skill level 1 in Maces & Flails
  5670 | D:6      | Reached XP level 8. HP: 42/42 MP: 8/16
  5920 | D:6      | Found a blossoming altar of Fedhas.
  5939 | D:6      | You fall into a shaft and drop 2 floors!
  6398 | D:8      | Found a shimmering blue altar of Sif Muna.
  6400 | D:8      | Found a broken altar of Ashenzari.
  6404 | D:8      | Found a glowing golden altar of the Shining One.
  6423 | D:8      | Noticed a wyvern
  6434 | D:8      | Killed a wyvern
  6566 | D:7      | Reached skill level 5 in Conjurations
  6566 | D:7      | Noticed a troll
  6575 | D:7      | HP: 2/42 [troll (3)]
  6576 | D:7      | Slain by an orc warrior

Illustrated notes

Levels and vault maps discovered:
D:1:      saegor_arrival_miasma, layout_basic, serial_shops, shop, shop, shop,
          shop, minmay_distorted
D:2:      layout_rooms
D:3:      layout_basic, zin_angel, ebering_ecumenical_altar_mist, uniq_sigmund
D:4:      layout_basic, grunt_gozag_statues, nicolae_qazlal_scattered_showers,
          nicolae_overflow_crystal_walls, mainiacjoe_overflow_six_doors_small
D:5:      layout_basic, hex_large
D:6:      layout_loops_ring, nzn_wu_jian_council_hall,
          mainiacjoe_overflow_24_doors, lemuel_coloured_pillars_altar,
          minmay_crossroads
D:7:      layout_loops_ring, minmay_temple_entry_arrows, nrook_mini_vaults,
          minmay_manual_mess
D:8:      layout_cave_pods, grunt_temple_overflow_diamond, enter_bailey_2,
          uniq_maggie

Skill      XL: |  1  2  3  4  5  6  7  8 |
---------------+-------------------------+-----
Fire Magic     | 4 5 6 |  6.9
Spellcasting   | 3 4 5 6 |  6.6
Conjurations   | 3 4 5 |  5.0
Dodging        | 2 |  2.3
Maces & Flails | 1 |  1.1
Fighting       | |  0.7
Stealth        | |  2.1

Action                     |  1- 3 |  4- 6 |  7- 9 || total
---------------------------+-------+-------+-------++-------
  Melee: Unarmed           |     8 |       |       ||     8
         Club              |     4 |       |       ||     4
         Whip              |       |    19 |     9 ||    28
   Cast: Foxfire           |    56 |   101 |   110 ||   267
         Scorch            |       |     7 |    17 ||    24
    Use: Scroll            |       |    11 |     2 ||    13
 Armour: Robe              |    10 |    10 |    21 ||    41
  Dodge: Dodged            |    10 |    15 |    20 ||    45

Table legend: (Time is in decaauts)
 A = Elapsed time spent in this place.
 B = Non-inter-level travel time spent in this place.
 C = Inter-level travel time spent in this place.
 D = Time resting spent in this place.
 E = Time spent auto-exploring this place.
 F = Levels seen in this place.
 G = Mean time per level.
                   A        B        C        D        E       F      G
               +--------+--------+--------+--------+--------+-----+--------+
         Total |   6575 |   6475 |    100 |    198 |   5393 |   8 |  821.9 |
       Dungeon |   6575 |   6475 |    100 |    198 |   5393 |   8 |  821.9 |
               +--------+--------+--------+--------+--------+-----+--------+

Top non-repeatable levels by time:
     D:4: 1507 daAuts
     D:3: 1273 daAuts
     D:5: 1029 daAuts
     D:1: 961 daAuts
     D:2: 838 daAuts
     D:8: 548 daAuts
     D:6: 329 daAuts
     D:7: 87 daAuts
